 Dungeon Crawl Stone Soup version 0.29-a0-998-g1987434951 (webtiles) character file.

Game seed: 16557500207448213704

95 Snarg the Sneak (level 4, 22/22 HPs)
             Began as a Spriggan Conjurer on Aug 5, 2022.
             Was a Plaything of Xom.
             Quit the game on level 2 of the Dungeon.
             The game lasted 00:06:09 (2745 turns).

Snarg the Sneak (Spriggan Conjurer)                 Turns: 2745, Time: 00:06:10

Health: 22/22      AC:  2    Str:  3    XL:     4   Next: 39%
Magic:  9/9        EV: 18    Int: 19    God:    Xom [..*...]
Gold:   152        SH:  0    Dex: 21    Spells: 6/9 levels left

rFire   . . .      SeeInvis +   c - +0 dagger
rCold   . . .      Faith    .   (no shield)
rNeg    . . .      Spirit   .   a - +0 robe
rPois   .          Reflect  .   (helmet restricted)
rElec   .          Harm     .   (no cloak)
rCorr   .          Rampage  .   (gloves unavailable)
Will    .....                   (boots unavailable)
Stlth   +++.......              j - amulet of the acrobat
HPRegen 0.07/turn               v - +6 ring of dexterity
MPRegen 0.11/turn               (no ring)

@: very quick
A: very small, no large weapons, unfitting armour, see invisible, speed 3
a: Renounce Religion


You were on level 2 of the Dungeon.
You worshipped Xom.
You were a toy of Xom.
You visited 1 branch of the dungeon, and saw 2 of its levels.

You collected 152 gold pieces.

Inventory:

Hand Weapons
 c - a +0 dagger (weapon)
 m - a +0 short sword
 n - a +0 dagger
 o - a +0 sling
Missiles
 d - 37 stones
 r - 5 poisoned darts
 s - a throwing net
Armour
 a - a +0 robe (worn)
 l - a +0 buckler
 w - a +0 cloak
Magical Staves
 u - a staff of fire
Jewellery
 j - an amulet of the acrobat (around neck)
 v - a +6 ring of dexterity (left hand)
Scrolls
 e - 2 scrolls of identify {unknown}
 h - a scroll of fear {unknown}
 p - a scroll of enchant weapon {unknown}
Potions
 b - a potion of magic
 f - a potion of haste {unknown}
 g - a potion of might {unknown}
 i - a potion of curing {unknown}
 k - 2 potions of heal wounds {unknown}
 q - a potion of flight {unknown}
 t - a potion of invisibility {unknown}


   Skills:
 - Level 1.0 Fighting
 * Level 1.6 Short Blades
 + Level 3.2 Dodging
 + Level 4.0 Stealth
 - Level 3.0 Spellcasting
 + Level 3.5 Conjurations


You had 6 spell levels left.
You knew the following spells:

 Your Spells              Type           Power      Damage    Failure   Level
a - Magic Dart            Conj           64%        1d6       3%          1
b - Searing Ray           Conj           32%        2d5       5%          2

Your spell library contained the following spells:

 Spells                   Type           Power      Damage    Failure   Level
 Dazzling Flash           Conj/Hex       18%        N/A       22%         3
 Fulminant Prism          Conj/Hex       4%         3d6       58%         4
 Iskenderun's Mystic Bla  Conj/Tloc      9%         2d4       58%         4


Dungeon Overview and Level Annotations

Branches:
Dungeon (2/15)

Altars:
Xom

Annotations:
D:1 clr


Innate Abilities, Weirdness & Mutations

You are very small and have problems with some larger weapons.
You are too small for most types of armour.
You have supernaturally acute eyesight. (SInv)
You cover ground extremely quickly. (Speed+++)


Message History

The magic dart hits the bat.
The bat is moderately wounded.
The bat misses you.
The magic dart hits the bat.
You kill the bat!
Your Stealth skill increases to level 4!
No target in view!
Found a hand axe.
You see here a bat corpse.
You see here 2 silver javelins.
A hobgoblin comes into view.
The helpless hobgoblin fails to defend itself.
You impale the hobgoblin!!
You kill the hobgoblin!
A giant cockroach comes into view.
The helpless giant cockroach fails to defend itself.
You impale the giant cockroach!!
You kill the giant cockroach!
No target in view!
You see here a +0 dagger.
Found a faded altar of an unknown god.
There is a shaft here.
There is a faded altar of an unknown god here.
You cannot tell which god this altar belongs to.
Convert to them anyway?
Xom accepts your prayer! Xom welcomes you!
Xom is fascinated!
Unknown command.
Press < or > to pray at altars.
There is a shaft here.
There is a stone staircase leading down here.
Found a cloak.
Done exploring.
You see here a +0 cloak.
w - a +0 cloak Done exploring.
Assign waypoint to what number? (0-9)
Okay, then.
Unknown command.
Are you sure you want to abandon this character and quit the game? (Confirm with "yes".)

#.........#.................
######............)..#######
#......#######.#<......
#......#######.#######.
#....).......#.# ##.
#............#.# #..
######.......#.# #..
#.......#.## #..
#@.........# #..
#.......#### #.. #.......#
#.. #.......# #.. #.......#
### #########


There were no monsters in sight!

Vanquished Creatures
  4 gnolls
  An adder (D:2)
  A worm (D:2)
  2 dart slugs
  5 endoplasms
  3 giant cockroaches
  2 goblins (D:2)
  4 hobgoblins
  A kobold (D:1)
  A quokka (D:1)
  3 ball pythons (D:1)
  6 bats
  7 rats
40 creatures vanquished.

Notes
Turn   | Place    | Note
-------+----------+-------------------------------------------
     0 | D:1      | Snarg the Spriggan Conjurer began the quest for the Orb.
     0 | D:1      | Reached XP level 1. HP: 9/9 MP: 5/5
   568 | D:1      | Reached XP level 2. HP: 13/13 MP: 6/6
  1694 | D:1      | Learned a level 2 spell: Searing Ray
  1704 | D:2      | Reached XP level 3. HP: 8/17 MP: 0/8
  1929 | D:2      | Reached skill level 1 in Short Blades
  1952 | D:1      | Reached skill level 1 in Fighting
  2151 | D:2      | Reached XP level 4. HP: 15/22 MP: 9/9
  2514 | D:2      | Reached skill level 4 in Stealth
  2665 | D:2      | Found a faded altar of an unknown god.
  2669 | D:2      | Prayed at the altar of an unknown god.
  2669 | D:2      | Became a worshipper of Xom the Unpredictable
  2745 | D:2      | Quit the game

Illustrated notes

Levels and vault maps discovered:
D:1:      saegor_arrival_miasma, layout_basic, st_stairs_8, serial_bayou_pond_d,
          dk_noncrumbling_4
D:2:      layout_basic, hellmonk_ecumenical_altar_leap_of_faith

Skill      XL: |  1  2  3  4 |
---------------+-------------+-----
Conjurations   | 3 |  3.5
Spellcasting   | 3 |  3.0
Dodging        | 3 |  3.2
Short Blades   | 1 |  1.6
Fighting       | 1 |  1.0
Stealth        | 4 |  4.0

Action                   |  1- 3 |  4- 6 || total
-------------------------+-------+-------++-------
Melee: Dagger            |    64 |    31 ||    95
       Unarmed           |    10 |       ||    10
 Cast: Magic Dart        |    44 |     3 ||    47
       Searing Ray       |     4 |       ||     4
 Stab: Sleeping          |     4 |     6 ||    10
Armor: Robe              |    11 |     2 ||    13
Dodge: Dodged            |    83 |    20 ||   103

Table legend: (Time is in decaauts)
 A = Elapsed time spent in this place.
 B = Non-inter-level travel time spent in this place.
 C = Inter-level travel time spent in this place.
 D = Time resting spent in this place.
 E = Time spent auto-exploring this place.
 F = Levels seen in this place.
 G = Mean time per level.
                   A        B        C        D        E       F      G
               +--------+--------+--------+--------+--------+-----+--------+
         Total |   2209 |   2189 |     20 |    571 |   1196 |   2 | 1104.5 |
       Dungeon |   2209 |   2189 |     20 |    571 |   1196 |   2 | 1104.5 |
               +--------+--------+--------+--------+--------+-----+--------+

Top non-repeatable levels by time:
     D:1: 1551 daAuts
     D:2: 657 daAuts
